 Dungeon Crawl Stone Soup version 0.18.1-8-gdd0e5ea (webtiles) character file.

296904 dvd the Peltast (level 20, -1/124 HPs)
             Began as a Gargoyle Fighter on June 1, 2016.
             Was the Champion of Qazlal.
             Killed from afar by a starcursed mass (10 damage)
             ... with an accursed screaming
             ... on level 3 of the Abyss on June 2, 2016.
             The game lasted 02:52:32 (39816 turns).

dvd the Peltast (Gargoyle Fighter)                 Turns: 39816, Time: 02:52:32

Health: -1/124     AC: 40    Str: 32    XL:     20   Next: 92%
Magic:  29/29      EV: 18    Int: 15    God:    Qazlal [******]
Gold:   2466       SH: 27    Dex: 14    Spells: 0 memorised, 19 levels left

rFire  + . .     SeeInvis .     x - +9 flail "Amaset" {flame, *Drain +Rage rC+ Str+9}
rCold  + . .     Gourm    .     t - +6 scale mail {rF+}
rNeg   + . .     Faith    .     p - +2 shield {reflect}
rPois  ∞         Spirit   .     C - +0 helmet {Int+3}
rElec  +         Dismiss  .     v - +2 cloak {MR+}
rCorr  +         Reflect  +     S - +0 pair of gloves
SustAt .         Harm     .     u - +1 pair of boots
MR     ++...                    X - amulet of regeneration
Stlth  +.........               V - +2 ring of strength
                                s - ring of resist corrosion

@: flying, studying Dodging, repel missiles, very resistant to hostile
enchantments, very unstealthy
A: big wings, molten scales 1, negative energy resistance 1, electricity
resistance, unbreathing, petrification resistance, rot immunity, AC +15
a: Stop Flying, Upheaval, Elemental Force, Disaster Area, Renounce Religion,
Evoke Berserk Rage
}: 2/15 runes: decaying, serpentine


You were on level 3 of the Abyss.
You worshipped Qazlal.
Qazlal was exalted by your worship.
You were not hungry.

You visited 9 branches of the dungeon, and saw 37 of its levels.
You visited the Abyss 1 time.
You also visited: Volcano and Wizlab.

You collected 2841 gold pieces.
You spent 375 gold pieces at shops.

Inventory:

Hand Weapons
 a - a +3 broad axe of flaming
 b - the +5 trident of Exaestis {vamp, *Drain Str+3 Int+5}
   (You found it on level 1 of the Lair of Beasts)

   It inflicts no extra harm, but heals its wielder somewhat when it strikes a
   living foe.
   It affects your strength (+3).
   It affects your intelligence (+5).
   It causes draining when unequipped.
 c - a +3 war axe of freezing
 x - the +9 flail "Amaset" (weapon) {flame, *Drain +Rage rC+ Str+9}
   (You took it off a deep elf mage on level 1 of the Depths)

   It has been specially enchanted to burn those struck by it, causing extra
   injury to most foes and up to half again as much damage against particularly
   susceptible opponents.
   It affects your strength (+9).
   It protects you from cold.
   It lets you go berserk.
   It causes draining when unequipped.
 D - a +3 morningstar
 R - a +0 flail of holy wrath
 T - a +4 demon trident of piercing
 Y - a +2 vampiric whip
Armour
 m - a +2 large shield
 p - a +2 shield of reflection (worn)
 r - a +3 plate armour of cold resistance
 t - a +6 scale mail of fire resistance (worn)
 u - a +1 pair of boots (worn)
 v - a +2 cloak of magic resistance (worn)
 w - a +2 helmet
 C - a +0 helmet of intelligence (worn)
 S - a +0 pair of gloves (worn)
 Z - the +1 robe of the Skies Above {rC- MR++ Str+3}
   (You found it on level 6 of the Lair of Beasts)

   It affects your strength (+3).
   It makes you vulnerable to cold.
   It affects your resistance to hostile enchantments.
Magical Staves
 Q - an uncursed staff of conjuration
Jewellery
 s - a ring of resist corrosion (left hand)
 B - a +5 amulet of reflection
 F - a +4 ring of intelligence
 V - a +2 ring of strength (right hand)
 X - an amulet of regeneration (around neck)
Wands
 d - a wand of lightning (10/15)
 y - a wand of lightning (11/15)
 K - a wand of teleportation (6/9)
 N - a wand of digging (5/24)
Scrolls
 i - 24 scrolls of identify
 k - 7 scrolls of teleportation
 l - 6 scrolls of fog
 n - 8 scrolls of recharging
 q - 18 scrolls of remove curse
 z - 8 scrolls of fear
 H - a scroll of blinking
 U - a scroll of magic mapping
Potions
 e - 5 potions of cure mutation
 h - 4 potions of curing
 o - a potion of berserk rage
 E - 2 potions of brilliance
 G - a potion of magic
 O - a potion of agility
 P - 2 potions of resistance
Books
 I - a manual of Dodging
Comestibles
 f - 22 bread rations
 g - 5 chunks of flesh
 A - 14 meat rations
 J - 26 fruits


   Skills:
 + Level 13.0 Fighting
 + Level 10.3(13.8) Axes
 * Level 8.0(10.7) Maces & Flails
 * Level 13.5(14.7) Polearms
 * Level 12.2 Armour
 * Level 13.2 Dodging
 + Level 4.0 Stealth
 + Level 20.3 Shields
 * Level 12.9 Invocations
 + Level 0.5 Evocations


You had 19 spell levels left.
You didn't know any spells.

Dungeon Overview and Level Annotations

Branches:
Dungeon (15/15)            Temple (1/1) D:5            Lair (8/8) D:9
  Swamp (4/4) Lair:6        Snake (4/4) Lair:5        Slime (0/6) Lair:7
    Orc (2/2) D:10            Elf (0/3) Orc:2        Vaults (1/5) D:13
 Depths (1/5) D:15           Hell (1/1)
    Dis: Hell:1         Geh: Hell:1         Coc: Hell:1         Tar: Hell:1

Altars:
Ashenzari
Cheibriados
Dithmenos
Elyvilon
Fedhas
Gozag
Kikubaaqudgha
Makhleb
Nemelex Xobeh
Okawaru
Pakellas
Qazlal
Ru
Sif Muna
Trog
Vehumet
Xom
Yredelemnul
Zin
The Shining One
Beogh

Shops:
D:11 =   D:12 *   Orc:2 *?:?   Snake:1 :   Snake:3 !

Portals:
Hell: Depths:1
Trove: D:14 (give horn of Geryon)

Annotations:
Hell Geryon


Innate Abilities, Weirdness & Mutations

You are resistant to torment.
Your stone body is resilient (AC +15).
You are immune to poison.
Your large and strong wings let you fly indefinitely.
You resist negative energy.
You are resistant to electric shocks.
You can survive without breathing.
You are immune to petrification.
You are immune to rotting.
You are partially covered in molten scales (AC +1).


Message History

The starcursed mass is engulfed in roaring flames.
A starcursed mass splits.
The starcursed mass shudders and is absorbed by its neighbour.
A deafening chorus of shrieks assaults your mind!
* * * LOW HITPOINT WARNING * * *
You suddenly lose the ability to move!
You can move again.
The large abomination is engulfed in roaring flames.
A starcursed mass splits.
Press: ? - help, v - describe, . - travel A gateway leading deeper into the Abyss.
Unknown command.
A deafening chorus of shrieks assaults your mind!
* * * LOW HITPOINT WARNING * * *
You hear a shout!
You hear a bark!
A deafening chorus of shrieks assaults your mind!
* * * LOW HITPOINT WARNING * * *
There is a gateway leading deeper into the Abyss here.
A deafening chorus of shrieks assaults your mind!
You die...

... #.# .# # #.##
#.####
#.#..#####.#..#
#.#........#..#
#...§§........### .
#...§.....#.... ..
#@>§XX§..# #.. .#
#..##§...#X###..#...
.....
#....XX.##..#...
....#.# #....#XX.X
..# #.. ##
#..#.##X). .## .#
#..##.##......[#
...###.##.X....##
#..# #......#### ...
#...)...


You could see 5 starcursed masses and a large abomination.

Vanquished Creatures
  Nikola (Snake:2)
  A lich (Depths:1)
  A tentacled starspawn (Abyss:3)
  A thorn hunter (Swamp:4)
  Roxanne (Snake:4)
  11 greater nagas (Snake:4)
  The ghost of mopl the Zephyrmancer, an adept DsAE of Okawaru (Swamp:2)
  Wiglaf (Snake:2)
  Donald (Swamp:2)
  Louise (D:14)
  Aizul (Snake:1)
  Maud (D:14)
  An orc warlord (Orc:2)
  4 reapers
  An ironheart preserver (Vaults:1)
  8 very ugly things
  4 stone giants (Depths:1)
  A salamander stormcaller (D:15)
  4 spark wasps
  9 purple draconians (WizLab)
  The ghost of UnlimitedFusion the Fighter, a journeyman GrFi of Okawaru (Orc:2)
  A death ooze (Swamp:4)
  Snorg (Lair:7)
  9 statues (WizLab)
  2 green deaths (Swamp:4)
  A merfolk impaler (Depths:1)
  The ghost of daning the Nimble, a journeyman HESk of Okawaru (Lair:3)
  A deep elf high priest (Depths:1)
  5 fire dragons
  Erolcha (Orc:1)
  2 rakshasas
  Harold (Lair:1)
  2 great orbs of eyes (Depths:1)
  A yaktaur captain (Vaults:1)
  The ghost of Scarto the Fighter, a journeyman DsFi of Qazlal (D:12)
  22 hydras
  An ice dragon (Depths:1)
  15 naga warriors
  2 hell beasts (Swamp:4)
  3 ghost crabs
  A catoblepas (Lair:7)
  Erica (D:9)
  The ghost of BattleRest the Fighter, a novice MiFi of Okawaru (D:9)
  9 anacondas
  8 alligators
  2 dancing weapons (D:13)
  2 centaur warriors
  10 death yaks
  2 deep troll shamans
  A tengu warrior (Depths:1)
  A thrashing horror (Abyss:3)
  An ogre mage (Vaults:1)
  A deep troll earth mage (Depths:1)
  Urug (Lair:3)
  8 hell hogs
  8 shock serpents
  12 naga sharpshooters
  5 orc high priests (Orc:2)
  2 sun demons (Depths:1)
  11 hell knights (Depths:1)
  Sonja (D:11)
  5 salamander mystics
  A wretched star (Abyss:3)
  2 soul eaters (Depths:1)
  2 unseen horrors
  A death drake (shapeshifter) (D:15)
  A sea snake (Snake:4)
  3 swamp dragons
  2 flayed ghosts
  A giant orange brain (D:15)
  A shadow demon (Abyss:3)
  An obsidian statue (Lair:6)
  3 deep trolls
  8 naga ritualists
  4 orc knights (Orc:2)
  An ironbrand convoker (Vaults:1)
  4 hill giants
  Pikel (D:7)
  2 shambling mangroves
  25 deep elf magi
  11 mana vipers
  A mana viper (shapeshifter) (D:15)
  5 orc sorcerers (Orc:2)
  2 griffons
  A shining eye (shapeshifter) (D:15)
  30 ugly things
  8 salamanders
  5 hornets
  The ghost of eoe the Skirmisher, a novice TrBe of Trog (D:4)
  2 wolf spiders
  3 manticores
  3 cyclopes
  14 elephants
  12 naga magi
  44 black mambas
  10 guardian serpents
  A gargoyle (D:12)
  2 torpor snails
  21 spiny frogs
  5 rime drakes
  2 orange demons (Swamp:4)
  3 freezing wraiths
  An efreet (D:15)
  A demonic crawler (Depths:1)
  9 komodo dragons
  7 yaktaurs
  A hellwing (Abyss:3)
  An ice devil (Depths:1)
  10 trolls
  5 two-headed ogres
  Prince Ribbit (D:7)
  5 polar bears
  5 giant leeches
  20 blink frogs
  21 slime creatures
  A boulder beetle (Lair:7)
  6 bog bodies
  8 shadows
  35 yaks
  5 wraiths
  5 spriggans
  5 basilisks
  The ghost of Murtagy the Shield-Bearer, an amateur MiFi (D:3)
  3 fire bats
  8 wyverns
  16 hippogriffs
  A hippogriff (shapeshifter) (Depths:1)
  8 vampire mosquitoes
  3 large abominations (Swamp:4)
  2 steam dragons (Lair:8)
  A hungry ghost (D:7)
  Menkaure (D:7)
  52 nagas
  9 insubstantial wisps (Swamp:3)
  13 wargs
  A mottled dragon (D:13)
  24 water moccasins
  18 swamp worms
  Duvessa (D:7)
  A soldier ant (D:12)
  10 porcupines
  2 ice beasts
  37 orc warriors
  11 swamp drakes
  2 slaves (D:7)
  13 wasps
  An eye of draining (D:14)
  3 black bears (Lair:1)
  A phantom (D:9)
  4 sky beasts
  9 centaurs
  2 necrophages
  17 ogres
  6 wolves (Lair:2)
  24 crocodiles
  6 big kobolds
  An earth elemental (D:12)
  21 giant frogs
  A wyvern zombie (D:7)
  Dowan (D:7)
  7 scorpions
  3 wights (D:8)
  6 killer bees
  5 electric eels
  6 howler monkeys
  4 crimson imps
  2 small abominations
  5 lava snakes (Volcano)
  5 centaur zombies
  A quasit (D:7)
  A giant frog zombie (D:11)
  12 hounds
  A giant frog skeleton (D:12)
  36 orc wizards
  37 orc priests
  5 jellies
  2 centaur skeletons
  Terence (D:3)
  3 hell rats
  Natasha (thrice) (D:4)
  11 iguanas
  13 worker ants
  29 sheep
  A killer bee zombie (D:8)
  2 hound skeletons
  2 worker ant zombies
  23 adders
  45 river rats
  3 shadow imps
  A white imp (Depths:1)
  An ufetubus (Abyss:3)
  3 oozes
  2 adder skeletons
  7 worms
  A dart slug (D:3)
  5 giant geckos
  138 orcs
  3 ball pythons
  27 bats
  8 giant cockroaches
  8 goblins
  6 hobgoblins
  10 jackals
  7 quokkas
  A ball python skeleton (D:4)
  A giant gecko skeleton (D:7)
  4 giant newts
  2 gnoll zombies (D:9)
  29 kobolds
  A quokka skeleton (D:4)
  11 rats
  A bush (Lair:8)
  A crawling corpse (Depths:1)
  77 fungi
  52 plants
  A starspawn tentacle (Abyss:3)
1638 creatures vanquished.

Vanquished Creatures (others)
  Vashnia (Snake:3)
  4 naga warriors
  An anaconda (Snake:3)
  3 naga sharpshooters
  A spriggan druid (Swamp:2)
  A naga ritualist (Snake:2)
  2 swamp dragons (Swamp:4)
  A mana viper (Snake:2)
  A black mamba (Snake:3)
  5 naga magi
  3 yaktaurs (Vaults:1)
  A wraith (Vaults:1)
  6 nagas
  2 swamp worms
  2 swamp drakes (Swamp:2)
  2 orc warriors (Orc:2)
  A slave (D:7)
  An iguana (D:7)
  A hell rat (Hell)
  A worker ant (Lair:8)
  An adder (D:7)
  A giant newt (D:7)
  22 fungi
  24 plants
  A starspawn tentacle (Abyss:3)
  A starspawn tentacle segment (Abyss:3)
90 creatures vanquished.

Grand Total: 1728 creatures vanquished

Notes
Turn   | Place    | Note
--------------------------------------------------------------
     0 | D:1      | dvd the Gargoyle Fighter began the quest for the Orb.
     0 | D:1      | Reached XP level 1. HP: 14/14 MP: 1/1
    37 | D:1      | Reached XP level 2. HP: 15/19 MP: 2/2
   220 | D:1      | Reached XP level 3. HP: 23/23 MP: 3/3
  1193 | D:2      | Reached skill level 4 in Shields
  1193 | D:2      | Reached XP level 4. HP: 26/29 MP: 4/4
  1900 | D:2      | Found a white marble altar of Elyvilon.
  1947 | D:3      | Found an oddly glowing altar of Pakellas.
  1976 | D:2      | Reached skill level 1 in Dodging
  1976 | D:2      | Reached XP level 5. HP: 26/33 MP: 5/5
  2153 | D:3      | Noticed Murtagy's ghost (amateur MiFi)
  2162 | D:3      | Killed Murtagy's ghost
  2162 | D:3      | Reached skill level 1 in Axes
  2162 | D:3      | Reached XP level 6. HP: 18/39 MP: 6/6
  2183 | D:3      | Noticed Terence
  2187 | D:3      | Killed Terence
  2658 | D:3      | Reached skill level 5 in Shields
  2944 | D:4      | Noticed Natasha
  2948 | D:4      | Killed Natasha
  2948 | D:4      | Reached skill level 1 in Stealth
  3069 | D:4      | Reached XP level 7. HP: 34/44 MP: 7/7
  3207 | D:4      | Noticed Natasha
  3216 | D:4      | Killed Natasha
  3237 | D:4      | Noticed Natasha
  3239 | D:4      | Found an opulent altar of Gozag.
  3253 | D:4      | Killed Natasha
  3465 | D:4      | Noticed eoe's ghost (novice TrBe)
  3884 | D:5      | Entered Level 5 of the Dungeon
  3936 | D:5      | Reached skill level 5 in Armour
  3937 | D:5      | Found a staircase to the Ecumenical Temple.
  3948 | Temple   | Entered the Ecumenical Temple
  4076 | Temple   | Became a worshipper of Ru the Awakened
  4192 | D:5      | Found a stormy altar of Qazlal.
  4201 | D:5      | Fell from the grace of Ru
  4201 | D:5      | Became a worshipper of Qazlal Stormbringer
  4241 | D:5      | Reached skill level 5 in Fighting
  4440 | D:5      | Noticed Prince Ribbit
  4959 | D:6      | Reached XP level 8. HP: 49/49 MP: 8/8
  4961 | D:6      | Found a bloodstained altar of Trog.
  5245 | D:6      | Reached * piety under Qazlal
  5290 | D:6      | Reached skill level 6 in Shields
  5328 | D:6      | Gained mutation: You regenerate slowly when monsters are visible. [potion of mutation]
  5328 | D:6      | Gained mutation: You are weak. (Str -2) [potion of mutation]
  5328 | D:6      | Gained mutation: You tend to lose your temper in combat. [potion of mutation]
  5329 | D:6      | Lost mutation: You are weak. (Str -2) [potion of cure mutation]
  5329 | D:6      | Lost mutation: You tend to lose your temper in combat. [potion of cure mutation]
  5329 | D:6      | Lost mutation: You regenerate slowly when monsters are visible. [potion of cure mutation]
  6130 | D:7      | Found a burning altar of Makhleb.
  6334 | D:7      | Reached skill level 7 in Shields
  6334 | D:7      | Reached XP level 9. HP: 54/54 MP: 9/9
  6411 | D:7      | Reached ** piety under Qazlal
  6434 | D:7      | Noticed Menkaure
  6641 | D:7      | Noticed Pikel
  6674 | D:7      | Killed Pikel
  6674 | D:7      | Reached skill level 8 in Shields
  6881 | D:7      | Killed Menkaure
  7212 | D:7      | Noticed Duvessa
  7231 | D:8      | Noticed a two-headed ogre
  7234 | D:7      | Noticed Dowan
  7688 | D:7      | Killed Dowan
  7702 | D:7      | Killed Duvessa
  7735 | D:7      | Reached XP level 10. HP: 57/60 MP: 10/10
  7976 | D:7      | Found a shadowy altar of Dithmenos.
  7976 | D:7      | Found a shattered altar of Ashenzari.
  7976 | D:7      | Found an ancient bone altar of Kikubaaqudgha.
  7976 | D:7      | Found a glowing silver altar of Zin.
  8014 | D:7      | Killed Prince Ribbit
  8014 | D:7      | Reached skill level 5 in Axes
  8014 | D:7      | Reached skill level 5 in Dodging
  8563 | D:8      | Found a radiant altar of Vehumet.
  8570 | D:8      | Reached skill level 9 in Shields
  9020 | D:8      | Reached *** piety under Qazlal
  9926 | D:9      | Noticed Erica
  9932 | D:9      | Killed Erica
 10056 | D:9      | Noticed BattleRest's ghost (novice MiFi)
 10096 | D:9      | Killed BattleRest's ghost
 10096 | D:9      | Reached skill level 10 in Shields
 10096 | D:9      | Reached XP level 11. HP: 45/66 MP: 11/11
 10367 | D:9      | Found a staircase to the Lair.
 10661 | D:9      | Found a basalt altar of Yredelemnul.
 10701 | D:10     | Entered Level 10 of the Dungeon
 10829 | D:10     | Found a staircase to the Orcish Mines.
 10869 | D:10     | Reached **** piety under Qazlal
 11029 | D:10     | Noticed a green ugly thing
 11033 | D:10     | Noticed Sonja
 11040 | D:10     | Killed a green ugly thing
 11180 | D:10     | Reached skill level 11 in Shields
 11464 | D:11     | Noticed a hill giant
 11476 | D:11     | Killed a hill giant
 11605 | D:11     | Killed Sonja
 11663 | D:11     | Found Cethofuj's Jewellery Shoppe.
 11730 | D:11     | Noticed an eight-headed hydra
 11754 | D:11     | Killed an eight-headed hydra
 12047 | D:11     | Noticed a manticore
 12053 | D:11     | Killed a manticore
 12459 | Lair:1   | Entered Level 1 of the Lair of Beasts
 12461 | Lair:1   | Noticed Harold
 12484 | Lair:1   | Killed Harold
 12504 | Lair:1   | Reached XP level 12. HP: 72/72 MP: 12/12
 12617 | Lair:1   | Got a blackened trident
 12683 | Lair:1   | Identified the +5 trident of Exaestis {vamp, *Drain Str+3 Int+5} (You found it on level 1 of the Lair of Beasts)
 12772 | Lair:1   | Reached skill level 12 in Shields
 12808 | Lair:1   | Reached skill level 1 in Polearms
 13467 | D:11     | Bought a +3 amulet of reflection for 375 gold pieces
 14012 | Lair:2   | Gained mutation: Your flesh is cold resistant. [potion of mutation]
 14012 | Lair:2   | Gained mutation: You are occasionally teleported next to monsters. [potion of mutation]
 14012 | Lair:2   | Gained mutation: You are clumsy. (Dex -2) [potion of mutation]
 14013 | Lair:2   | Gained mutation: You have sharp fingernails. [potion of mutation]
 14013 | Lair:2   | Gained mutation: Your large and strong wings let you fly indefinitely. [potion of mutation]
 14013 | Lair:2   | Gained mutation: You are frail (-10% HP). [potion of mutation]
 14023 | Lair:2   | Reached skill level 13 in Shields
 14338 | Lair:3   | Noticed daning's ghost (journeyman HESk)
 14341 | Lair:3   | Noticed an eight-headed hydra
 14355 | Lair:3   | Killed an eight-headed hydra
 14506 | Lair:3   | Killed daning's ghost
 14656 | Lair:3   | Reached ***** piety under Qazlal
 14670 | Lair:3   | Noticed Urug
 14711 | Lair:3   | Killed Urug
 14783 | Lair:3   | Lost mutation: You are clumsy. (Dex -2) [potion of cure mutation]
 14783 | Lair:3   | Lost mutation: Your flesh is cold resistant. [potion of cure mutation]
 14783 | Lair:3   | Lost mutation: You are frail (-10% HP). [potion of cure mutation]
 14783 | Lair:3   | Lost mutation: You have sharp fingernails. [potion of cure mutation]
 14783 | Lair:3   | Lost mutation: Your large and strong wings let you fly indefinitely. [potion of cure mutation]
 14783 | Lair:3   | Lost mutation: You are occasionally teleported next to monsters. [potion of cure mutation]
 14921 | Lair:3   | Reached XP level 13. HP: 78/78 MP: 13/13
 15012 | Lair:3   | Found a dark tunnel.
 15024 | Volcano  | Entered a volcano
 15270 | Volcano  | Found a bloodstained altar of Trog.
 16567 | Lair:5   | Reached skill level 14 in Shields
 16734 | Lair:5   | Found a staircase to the Snake Pit.
 16745 | Lair:5   | Reached skill level 5 in Polearms
 17687 | Lair:6   | Got a shimmering robe
 17716 | Lair:6   | Found a staircase to the Swamp.
 17993 | Lair:6   | Identified the +1 robe of the Skies Above {rC- MR++ Str+3} (You found it on level 6 of the Lair of Beasts)
 18105 | Lair:6   | Reached skill level 1 in Invocations
 18145 | Lair:6   | Reached ****** piety under Qazlal
 18145 | Lair:6   | Gained mutation: Your large and strong wings let you fly indefinitely. [Gargoyle growth]
 18145 | Lair:6   | Reached XP level 14. HP: 66/86 MP: 15/15
 18172 | Lair:6   | Reached skill level 15 in Shields
 18532 | Lair:7   | Noticed Snorg
 18577 | Lair:7   | Killed Snorg
 18775 | Lair:7   | Found a staircase to the Slime Pits.
 19398 | Lair:8   | Entered Level 8 of the Lair of Beasts
 19565 | Lair:8   | Reached skill level 10 in Dodging
 20051 | Lair:8   | Reached skill level 5 in Invocations
 20197 | Lair:8   | Reached skill level 16 in Shields
 20197 | Lair:8   | Reached XP level 15. HP: 88/92 MP: 18/18
 21082 | Orc:1    | Entered Level 1 of the Orcish Mines
 21104 | Orc:1    | Noticed Erolcha
 21124 | Orc:1    | Killed Erolcha
 21399 | Orc:2    | Entered Level 2 of the Orcish Mines
 21417 | Orc:2    | Noticed UnlimitedFusion's ghost (journeyman GrFi)
 21440 | Orc:2    | Killed UnlimitedFusion's ghost
 21783 | Orc:2    | Reached skill level 10 in Fighting
 21857 | Orc:2    | Noticed an orc warlord
 21900 | Orc:2    | Killed an orc warlord
 22093 | Orc:2    | Found Miqahedi's General Store.
 22135 | Orc:2    | Found a roughly hewn altar of Beogh.
 22192 | Orc:2    | Found Weireim's Magic Scroll Shop.
 22443 | Orc:2    | Found Oddiugur's Book Shoppe.
 22477 | Orc:2    | Found a roughly hewn altar of Beogh.
 22477 | Orc:2    | Found Tasoanai's Magic Scroll Emporium.
 22965 | Orc:2    | Paralysed by an orc sorcerer for 3 turns
 23058 | Orc:2    | Found a staircase to the Elven Halls.
 23600 | Snake:1  | Entered Level 1 of the Snake Pit
 23652 | Snake:1  | Found Kirut's Book Shoppe.
 23713 | Snake:1  | Noticed Aizul
 23749 | Snake:1  | Killed Aizul
 23952 | Snake:1  | Reached skill level 17 in Shields
 24137 | Snake:1  | Reached XP level 16. HP: 97/97 MP: 21/21
 24271 | Snake:1  | Reached skill level 10 in Polearms
 24271 | Snake:1  | Reached skill level 10 in Armour
 24744 | Snake:2  | Gained mutation: You are partially covered in molten scales (AC +1). [potion of beneficial mutation]
 25250 | Snake:3  | Noticed Wiglaf
 25265 | Snake:3  | Noticed Nikola
 25632 | Snake:2  | Killed Wiglaf
 25726 | Snake:3  | Noticed Vashnia
 26189 | Snake:3  | Killed Vashnia
 26605 | Snake:3  | Found Koqogruh's Distillery.
 26720 | Snake:4  | Entered Level 4 of the Snake Pit
 26743 | Snake:4  | Reached skill level 18 in Shields
 26801 | Snake:4  | Reached XP level 17. HP: 100/103 MP: 23/23
 27331 | Snake:4  | Reached skill level 10 in Invocations
 27545 | Snake:4  | Noticed Roxanne
 28132 | Snake:4  | Got a serpentine rune of Zot
 28323 | Snake:4  | Reached skill level 19 in Shields
 28508 | Snake:4  | Killed Roxanne
 28510 | Snake:4  | Identified Roxanne's Grimoire of Transmutation (You took it off Roxanne on level 4 of the Snake Pit)
 28899 | D:12     | Found Zoseaty's Pet Rocks.
 28912 | D:12     | Reached XP level 18. HP: 110/110 MP: 25/25
 29248 | D:12     | Noticed Scarto's ghost (journeyman DsFi)
 29258 | D:12     | Found a stormy altar of Qazlal.
 29287 | D:12     | Killed Scarto's ghost
 29313 | D:12     | Found a runed door.
 29332 | D:12     | Found a white marble altar of Elyvilon.
 29346 | D:12     | Found a stormy altar of Qazlal.
 29390 | D:12     | Found a shimmering altar of Xom.
 29398 | D:12     | Found a stormy altar of Qazlal.
 29417 | D:12     | Found a blossoming altar of Fedhas.
 30269 | D:13     | Found a gate to the Vaults.
 30341 | D:13     | Found a shimmering altar of Xom.
 30718 | D:14     | Found a portal to a secret trove of treasure.
 30881 | D:14     | Noticed Louise
 30913 | D:14     | Noticed Maud
 30938 | D:14     | Killed Maud
 30963 | D:14     | Killed Louise
 31784 | D:15     | Entered Level 15 of the Dungeon
 32202 | D:15     | Found a basalt altar of Yredelemnul.
 32649 | D:15     | Found a staircase to the Depths.
 33340 | Snake:2  | Killed Nikola
 33720 | D:4      | Killed eoe's ghost
 33976 | Swamp:1  | Entered Level 1 of the Swamp
 34447 | Swamp:2  | Noticed Donald
 34469 | Swamp:2  | Killed Donald
 34491 | Swamp:2  | Reached XP level 19. HP: 84/116 MP: 27/27
 34719 | Swamp:2  | Noticed mopl's ghost (adept DsAE)
 34767 | Swamp:2  | Killed mopl's ghost
 35215 | Swamp:3  | Reached skill level 5 in Maces & Flails
 35896 | Swamp:4  | Entered Level 4 of the Swamp
 36837 | Swamp:4  | Got a decaying rune of Zot
 37316 | Depths:1 | Entered Level 1 of the Depths
 37585 | Depths:1 | Found a gateway to Hell.
 37913 | Depths:1 | Reached XP level 20. HP: 119/123 MP: 29/29
 37977 | Depths:1 | Found a magical portal.
 37982 | WizLab   | Entered Iskenderun's Mystic Tower
 38046 | WizLab   | Reached skill level 20 in Shields
 38112 | WizLab   | Reached skill level 10 in Axes
 38600 | WizLab   | Identified Iskenderun's Compendium of Conjuration
 38600 | WizLab   | Identified Iskenderun's Grimoire of Confrontation
 38626 | WizLab   | Identified Sif Muna's Almanac of Intoxication
 38932 | Depths:1 | Got an encrusted flail {flame}
 38933 | Depths:1 | Identified the +9 flail "Amaset" {flame, *Drain +Rage rC+ Str+9} (You took it off a deep elf mage on level 1 of the Depths)
 39074 | Hell     | Entered the Vestibule of Hell
 39074 | Hell     | Noticed Geryon
 39396 | Depths:1 | HP: 1/124 [blizzard demon/the air (16)]
 39632 | Vaults:1 | Entered Level 1 of the Vaults
 39712 | Vaults:1 | Cast into level 3 of the Abyss (a deep elf sorcerer)
 39803 | Abyss:3  | Paralysed by accursed screaming for 1 turns
 39810 | Abyss:3  | Paralysed by accursed screaming for 1 turns
 39816 | Abyss:3  | Killed from afar by a starcursed mass

Skill      XL: |  1  2  3  4  5  6  7  8  9 10 11 12 13 14 15 16 17 18 19 20 |
---------------+-------------------------------------------------------------+-----
Shields        | 4 5 7 8 10 11 13 14 16 17 18 19 20 | 20.3
Armour         | 4 5 6 7 8 9 10 11 12 | 12.2
Fighting       | 4 5 6 7 8 9 10 11 12 13 | 13.0
Dodging        | 1 2 4 6 7 8 9 10 11 12 13 | 13.2
Axes           | 1 2 3 4 6 7 8 9 10 | 10.3
Stealth        | 1 2 3 4 |  4.0
Maces & Flails | 3 4 6 8 |  8.0
Polearms       | 3 5 7 9 11 12 13 | 13.5
Invocations    | 2 5 7 8 10 11 12 | 12.9
Evocations     | |  0.5

Action                   |  1- 3 |  4- 6 |  7- 9 | 10-12 | 13-15 | 16-18 | 19-21 || total
-------------------------+-------+-------+-------+-------+-------+-------+-------++-------
Melee: Flail             |   122 |    17 |    20 |       |       |       |   271 ||   430
       Hand axe          |       |   112 |   405 |    95 |       |       |       ||   612
       Whip              |       |       |    13 |   155 |       |       |       ||   168
       War axe           |       |       |       |   376 |       |    15 |       ||   391
       Trident           |       |       |       |   498 |  2106 |  1201 |       ||  3805
       Broad axe         |       |       |       |       |       |   801 |   876 ||  1677
Invok: Upheaval          |       |       |       |     6 |     4 |    10 |       ||    20
       Elemental Force   |       |       |       |       |     2 |       |       ||     2
       Disaster Area     |       |       |       |       |     1 |     2 |     1 ||     4
 Abil: Fly               |       |       |       |       |     1 |       |     2 ||     3
Evoke: Wand              |       |       |       |     3 |       |       |     1 ||     4
  Use: Potion            |       |     2 |     6 |     9 |     2 |    11 |     8 ||    38
       Scroll            |       |     3 |    13 |     6 |     3 |    15 |     4 ||    44
 Stab: Confused          |       |       |       |       |     1 |     1 |       ||     2
       Petrifying        |       |       |       |       |     1 |       |       ||     1
       Invisible         |       |       |       |       |       |     4 |       ||     4
  Eat: Chunk             |     1 |     6 |     8 |    24 |    31 |    22 |    13 ||   105
       Pizza             |       |       |     1 |     1 |       |     1 |     1 ||     4
       Royal jelly       |       |       |     1 |       |       |       |     1 ||     2
       Bread ration      |       |       |     1 |       |       |       |     1 ||     2
       Beef jerky        |       |       |     1 |       |     2 |     5 |     1 ||     9
       Meat ration       |       |       |       |     1 |       |     1 |       ||     2
       Fruit             |       |       |       |       |       |     1 |     1 ||     2
Armor: Scale mail        |    62 |    57 |   232 |   488 |   465 |   419 |   411 ||  2134
Dodge: Dodged            |    47 |    31 |   149 |   419 |   563 |   411 |   441 ||  2061
       Deflected         |       |       |       |       |     9 |    60 |    23 ||    92
Block: Shield            |    55 |    65 |   268 |  1070 |  2338 |   154 |  1418 ||  5368
       Reflection        |       |       |       |     2 |    37 |   222 |    51 ||   312
       Large shield      |       |       |       |       |       |  2524 |    35 ||  2559
